 Dungeon Crawl Stone Soup version 0.26-a0-720-g2a1d101370 (webtiles) character file.

Game seed: 10452351236614667358

98 ALWAYSlose the Chopper (level 4, -3/35 HPs)
             Began as a Demonspawn Gladiator on Nov 3, 2020.
             Was an Initiate of Ru.
             Slain by a sky beast (5 damage)
             ... on level 4 of the Dungeon.
             The game lasted 00:02:20 (2349 turns).

ALWAYSlose the Chopper (Demonspawn Gladiator)       Turns: 2349, Time: 00:02:20

Health: -3/35      AC:  4    Str: 14    XL:     4   Next: 44%
Magic:  4/4        EV: 13    Int: 12    God:    Ru [......]
Gold:   157        SH:  0    Dex: 21    Spells: 3/3 levels left

rFire    . . .     SeeInvis .   a - +0 war axe
rCold    + . .     Faith    .   (no shield)
rNeg     . . .     Spirit   .   b - +0 leather armour
rPois    +         Reflect  .   q - +0 helmet
rElec    .         Harm     .   (no cloak)
rCorr    .         Rampage  .   (no gloves)
MR       .....                  (no boots)
Stlth    +.........             g - amulet of the acrobat
HPRegen  0.11/turn              o - ring of poison resistance
MPRegen  0.09/turn              n - +6 ring of dexterity

@: no status effects
A: hooves 1, cold resistance 1, big brain 1
a: Renounce Religion


You were on level 4 of the Dungeon.
You worshipped Ru.
Ru was noncommittal.
You visited 1 branch of the dungeon, and saw 4 of its levels.

You collected 157 gold pieces.

Inventory:

Hand Weapons
 a - a +0 war axe (weapon)
Missiles
 d - 5 throwing nets (quivered)
Armour
 b - a +0 leather armour (worn)
 q - a +0 helmet (worn)
Jewellery
 g - an amulet of the acrobat (around neck)
 n - a +6 ring of dexterity (right hand)
 o - a ring of poison resistance (left hand)
Scrolls
 c - a scroll of remove curse {unknown}
 e - 2 scrolls of noise {unknown}
 f - 4 scrolls of teleportation {unknown}
 h - 2 scrolls of fog {unknown}
 i - 6 scrolls of identify {unknown}
 k - 3 scrolls of amnesia {unknown}
 m - a scroll of blinking {unknown}
 p - a scroll of enchant weapon {unknown}
Potions
 j - a potion of invisibility {unknown}
 l - a potion of magic {unknown}
 r - a potion of berserk rage {unknown}
 s - a potion of lignification {unknown}
 t - a potion of brilliance {unknown}


   Skills:
 - Level 3.0 Fighting
 + Level 3.4 Axes
 - Level 2.0 Throwing
 + Level 1.8 Armour
 - Level 3.0 Dodging


You had 3 spell levels left.
You didn't know any spells.
Your spell library was empty.

Dungeon Overview and Level Annotations

Branches:
Dungeon (4/15)
 Temple: D:4-7

Altars:
Ru
Uskayaw
Vehumet
Xom
Yredelemnul
The Shining One


Innate Abilities, Weirdness & Mutations

You have large cloven feet.
Your flesh is cold resistant. (rC+)
You have an unusually large brain. (Int +2)


Message History

The sky beast closely misses you.
You barely miss the sky beast. The sky beast barely misses you.
The sky beast flickers out of sight!
Deactivating autopickup; reactivate with Ctrl-A.
Something hits you. Something shocks you.
No target in view!
No target in view!
No target in view!
No target in view!
No target in view!
You hit something. Something hits you. Something shocks you.
You barely miss something. You kick something.
Something hits you but does no damage.
You miss something. Something hits you. Something shocks you.
Something hits you. Something shocks you.
* * * LOW HITPOINT WARNING * * *
You miss something. Your kick misses something. Something hits you.
* * * LOW HITPOINT WARNING * * *
Something shocks you.
You die...

##########
......{@.#
########.#
#.# #.#
#.# #<#
#.# #.#
#.#


There were no monsters in sight!

Vanquished Creatures
  3 adders
  An ooze (D:3)
  2 worms (D:3)
  2 dart slugs
  2 leopard geckos
  15 giant cockroaches
  3 goblins
  5 hobgoblins
  2 kobolds (D:1)
  3 quokkas
  3 bats
  4 frilled lizards
  7 rats
52 creatures vanquished.

Notes
Turn   | Place    | Note
-------+----------+-------------------------------------------
     0 | D:1      | ALWAYSlose the Demonspawn Gladiator began the quest for the
                  | Orb.
     0 | D:1      | Reached XP level 1. HP: 16/16 MP: 1/1
   139 | D:1      | Gained mutation: You have an unusually large brain. (Int
                  | +2) [demonic ancestry]
   139 | D:1      | Reached XP level 2. HP: 20/22 MP: 2/2
   758 | D:2      | Reached skill level 1 in Armour
   762 | D:2      | Gained mutation: You have large cloven feet. [demonic
                  | ancestry]
   762 | D:2      | Reached XP level 3. HP: 27/28 MP: 3/3
  1515 | D:3      | Found a sacrificial altar of Ru.
  1523 | D:3      | Became a worshipper of Ru the Awakened
  1528 | D:3      | Gained mutation: Your flesh is cold resistant. (rC+)
                  | [demonic ancestry]
  1528 | D:3      | Reached XP level 4. HP: 29/34 MP: 4/4
  1778 | D:3      | Found a snail-covered altar of Cheibriados.
  1780 | D:3      | Found a radiant altar of Vehumet.
  1780 | D:3      | Found a glowing golden altar of the Shining One.
  1782 | D:3      | Found a shimmering altar of Xom.
  1782 | D:3      | Found a hide-covered altar of Uskayaw.
  1782 | D:3      | Found a basalt altar of Yredelemnul.
  2341 | D:4      | Noticed a sky beast
  2349 | D:4      | Slain by a sky beast

Illustrated notes

Levels and vault maps discovered:
D:1:      minmay_arrival_four_houses, layout_basic
D:2:      minmay_roachtagon, layout_loops_ring, corexii_item_surrounded_by_moat
D:3:      layout_loops_cross, lemuel_round_altar, doesnt_xom_only_xom
D:4:      layout_loops_ring, grunt_temple_overflow_gold_and_silver,
          ebering_ghost_rock_garden, uniq_eustachio

Skill      XL: |  1  2  3  4 |
---------------+-------------+-----
Throwing       | 2 |  2.0
Axes           | 3 |  3.4
Armour         | 1 |  1.8
Dodging        | 3 |  3.0
Fighting       | 3 |  3.0

Action                   |  1- 3 |  4- 6 || total
-------------------------+-------+-------++-------
Melee: War axe           |   101 |    30 ||   131
       Kick              |    10 |     9 ||    19
 Stab: Sleeping          |     1 |     1 ||     2
Armor: Leather armour    |    36 |     6 ||    42
Dodge: Dodged            |    80 |    16 ||    96

Table legend: (Time is in decaauts)
 A = Elapsed time spent in this place.
 B = Non-inter-level travel time spent in this place.
 C = Inter-level travel time spent in this place.
 D = Time resting spent in this place.
 E = Time spent auto-exploring this place.
 F = Levels seen in this place.
 G = Mean time per level.
                   A        B        C        D        E       F      G
               +--------+--------+--------+--------+--------+-----+--------+
         Total |   2390 |   2320 |     70 |    163 |   1806 |   4 |  597.5 |
       Dungeon |   2390 |   2320 |     70 |    163 |   1806 |   4 |  597.5 |
               +--------+--------+--------+--------+--------+-----+--------+

Top non-repeatable levels by time:
     D:3: 979 daAuts
     D:2: 734 daAuts
     D:1: 662 daAuts
     D:4: 13 daAuts
